 Dungeon Crawl Stone Soup version 0.23.1-41-g7e51ed3 (webtiles) character file.

Game seed: 3108309228526320941

15110 Borgoz the Protected (level 12, -4/72 HPs)
             Began as a Gargoyle Gladiator on Mar 30, 2019.
             Was a Believer of Ashenzari.
             Slain by a freezing wraith (7 damage)
             ... in an ice cave.
             The game lasted 00:29:54 (11502 turns).

Borgoz the Protected (Gargoyle Gladiator)          Turns: 11502, Time: 00:29:55

Health: -4/72      AC: 32    Str: 19    XL:     12   Next: 23%
Magic:  12/12      EV: 13    Int: 16    God:    Ashenzari [**....]
Gold:   868        SH:  0    Dex: 22    Spells: 11/11 levels left

rFire    . . .     SeeInvis .   y - +2 dagger (flame)
rCold    + . .     Gourm    .   v - +1 buckler of the Gardener {rC+ Dex+4}
rNeg     + . .     Faith    .   D - +6 chain mail of Nihilism {Int+6 Dex+4}
rPois    ∞         Spirit   .   J - +2 helmet
rElec    +         Reflect  +   e - scarf {repulsion}
rCorr    .         Harm     .   k - +1 pair of gloves
MR       .....                  (no boots)
Stlth    ..........             N - +4 amulet of reflection
HPRegen  0.22/turn              t - ring of stealth
MPRegen  0.13/turn              (no ring)

@: confused, slowed, repel missiles, very slow
A: negative energy resistance 1, electricity resistance, unbreathing,
petrification resistance, rot immunity, AC +8
a: Curse Item, Scrying, Renounce Religion


You were in an ice cave.
You worshipped Ashenzari.
Ashenzari was pleased with you.
You were not hungry.

You visited 2 branches of the dungeon, and saw 13 of its levels.
You also visited: Sewer, Ossuary and Ice Cave.

You collected 868 gold pieces.

Inventory:

Hand Weapons
 a - a +2 short sword of venom
 d - a +0 dagger of venom
 n - a +2 dagger of freezing
 y - a +2 dagger of flaming (weapon)
 A - a +0 rapier
 L - a +0 dagger of distortion
Missiles
 r - 12 tomahawks
 u - 3 throwing nets (quivered)
Armour
 e - a scarf of repulsion (worn)
 i - the +0 buckler of the Loofah {rElec rN++ rCorr Str+3 Stlth-}
   (You found it on level 6 of the Dungeon)

   It affects your strength (+3).
   It insulates you from electricity.
   It greatly protects you from negative energy.
   It provides partial protection from all sources of acid and corrosion.
   It makes you less stealthy.
 k - a +1 pair of gloves (worn)
 v - the +1 buckler of the Gardener (worn) {rC+ Dex+4}
   (You found it on level 4 of the Dungeon)

   It affects your dexterity (+4).
   It protects you from cold.
 B - a +2 ring mail of cold resistance
 C - the +4 robe of the Sunfish {rF+ MP+9 Int-4 Dex+3}
   (You found it on level 6 of the Dungeon)

   It affects your intelligence (-4).
   It affects your dexterity (+3).
   It protects you from fire.
   It affects your magic capacity (+9).
 D - the +6 chain mail of Nihilism (worn) {Int+6 Dex+4}
   (You found it on level 6 of the Dungeon)

   It affects your intelligence (+6).
   It affects your dexterity (+4).
 J - a +2 helmet (worn)
Jewellery
 t - a ring of stealth (left hand)
 w - an uncursed ring of wizardry
 K - an uncursed ring of magical power
 N - a +4 amulet of reflection (around neck)
 O - an uncursed amulet of the acrobat
Wands
 o - a wand of flame (52)
 s - a wand of random effects (42)
 z - a wand of iceblast (2)
Scrolls
 b - 6 scrolls of teleportation
 m - 5 scrolls of remove curse
 q - a scroll of blinking
 F - 3 scrolls of enchant armour
 G - a scroll of enchant weapon
 H - a scroll of silence
 M - a scroll of amnesia
Potions
 c - a potion of haste
 g - 2 potions of might
 j - 3 potions of cancellation
 l - 5 potions of flight
 p - 10 potions of curing
 E - 2 potions of magic
 I - a potion of heal wounds
Comestibles
 f - 23 rations


   Skills:
 + Level 7.5 Fighting
 * Level 9.1 Short Blades
 - Level 1.7 Throwing
 * Level 10.1 Armour
 * Level 8.2 Dodging
 + Level 7.8 Stealth
 + Level 6.8 Shields
 + Level 0.4 Evocations


You had 11 spell levels left.
You didn't know any spells.
Your spell library contained the following spells:

 Spells                   Type           Power        Failure   Level  Hunger
 Beastly Appendage        Tmut           #.....       89%         1    ##.....
 Infusion                 Chrm           #...         89%         1    ##.....
 Magic Dart               Conj           #...         89%         1    ##.....
 Summon Small Mammal      Summ           #...         89%         1    ##.....
 Blink                    Tloc           N/A          96%         2    ###....
 Call Imp                 Summ           #.......     96%         2    ###....
 Shroud of Golubria       Chrm/Tloc      #.........   96%         2    ###....
 Slow                     Hex            #.......     96%         2    ###....
 Song of Slaying          Chrm           #.......     96%         2    ###....
 Sticks to Snakes         Tmut           #.......     96%         2    ###....
 Call Canine Familiar     Summ           #.......     99%         3    ####...
 Conjure Flame            Conj/Fire      #.......     99%         3    ####...
 Mephitic Cloud           Conj/Pois/Air  #.......     99%         3    ####...
 Regeneration             Chrm/Necr      #.........   99%         3    ####...
 Spectral Weapon          Hex/Chrm       #.......     99%         3    ####...
 Spider Form              Tmut/Pois      #.........   99%         3    ####...
 Summon Guardian Golem    Hex/Summ       #.......     99%         3    ####...
 Ice Form                 Ice/Tmut       #.......     100%        4    #####..
 Summon Ice Beast         Ice/Summ       #.......     100%        4    #####..
 Summon Lightning Spire   Summ/Air       #.......     100%        4    #####..
 Blade Hands              Tmut           #.........   100%        5    ######.


Dungeon Overview and Level Annotations

Branches:
Dungeon (12/15)            Temple (1/1) D:7            Lair (0/6) D:10
    Orc (0/2) D:10

Altars:
Ashenzari
Cheibriados
Dithmenos
Elyvilon
Fedhas
Gozag
Hepliaklqana
Kikubaaqudgha
Makhleb
Nemelex Xobeh
Okawaru
Qazlal
Ru
Trog
Uskayaw
Vehumet
Wu Jian
Xom
Yredelemnul
Zin
The Shining One

Portals:
Trove: D:11 (show abyssal rune of Zot)


Innate Abilities, Weirdness & Mutations

You are resistant to torment.
Your stone body is resilient. (AC +8)
You are immune to poison.
You resist negative energy. (rN+)
You are resistant to electric shocks. (rElec)
You can survive without breathing.
You are immune to petrification.
You are immune to rotting.


Message History

You hit the freezing wraith but do no damage.
The freezing wraith is almost destroyed.
The freezing wraith barely misses you. The freezing wraith misses you.
You hit the freezing wraith but do no damage.
The freezing wraith is almost destroyed.
The freezing wraith hits you. The freezing wraith freezes you! You resist.
* * * LOW HITPOINT WARNING * * *
The freezing wraith closely misses you.
You closely miss the freezing wraith.
The freezing wraith is severely damaged.
The freezing wraith hits you.
* * * LOW HITPOINT WARNING * * *
The freezing wraith freezes you! You resist.
* * * LOW HITPOINT WARNING * * *
The freezing wraith closely misses you.
You are more confused.
You feel more invigorated. The freezing wraith hits you!
* * * LOW HITPOINT WARNING * * *
The freezing wraith freezes you! You resist.
You die...

* * * * * ≈ * ##### *
,, #### ≈≈≈*##...## *
..### *##..∩..## ** *
#...# #.......#
*###@.# ≈ #...∩...# ,
##.W###≈ *##.....## *
###...###*≈ *##...## ,
####.......## ≈ #...##
, #(..........# ≈
##...# , #.?.........#
≈≈ ##...#
########.........#
##...## *##...##
##........## ≈ #...##
##..W..###.....###..##
#..##


You could see a freezing wraith.

Vanquished Creatures
  Harold (D:7)
  A hydra (D:11)
  3 two-headed ogres
  Pikel (D:5)
  A deep elf mage (D:12)
  An ugly thing (D:11)
  2 centaur zombies
  7 freezing wraiths (IceCv)
  A merfolk (D:11)
  A troll (D:12)
  A wolf spider simulacrum (IceCv)
  Prince Ribbit (D:5)
  2 hippogriffs
  A water elemental (D:11)
  A wyvern (D:11)
  4 yaks (D:9)
  2 hungry ghosts
  A death yak simulacrum (IceCv)
  Menkaure (D:5)
  A water moccasin (D:10)
  4 orc warriors
  Duvessa (D:4)
  9 ice beasts
  2 sky beasts
  A black bear (D:6)
  2 phantoms (D:6)
  4 slaves (D:5)
  A necrophage (D:6)
  3 centaurs
  Blork the orc (D:7)
  4 bullfrogs
  A big kobold (Sewer)
  Dowan (D:4)
  11 killer bees
  7 wights
  7 electric eels (D:11)
  4 crimson imps
  8 jellies
  A quasit (D:8)
  6 hounds
  3 orc priests
  A gnoll shaman (D:8)
  7 orc wizards
  A centaur skeleton (D:10)
  3 iguanas
  6 worker ants
  A polar bear simulacrum (IceCv)
  A wolf simulacrum (IceCv)
  A big kobold zombie (Ossuary)
  2 hound skeletons
  2 hound zombies (Ossuary)
  4 mummies (Ossuary)
  A worker ant zombie (D:10)
  10 gnolls
  A howler monkey skeleton (D:5)
  2 river rats (D:4)
  8 adders
  2 shadow imps
  17 white imps
  2 oozes
  2 adder zombies
  7 worms
  2 dart slugs
  9 leopard geckos
  42 orcs
  5 ball pythons
  3 bats
  9 giant cockroaches
  4 goblins
  7 hobgoblins
  16 jackals
  4 quokkas
  5 frilled lizards
  3 goblin zombies
  A hobgoblin zombie (Ossuary)
  3 jackal zombies
  11 kobolds
  2 kobold zombies (Ossuary)
  A leopard gecko skeleton (D:6)
  A leopard gecko zombie (D:5)
  3 quokka skeletons
  12 rats
  2 rat zombies (Ossuary)
341 creatures vanquished.

Vanquished Creatures (others)
  A draconian (D:1)
  A vine stalker (D:1)
  A formicid (D:1)
  2 vampires (D:1)
  3 nagas (D:1)
  2 dwarves (D:1)
  An ogre (D:1)
  3 centaurs
  A human (D:2)
  An orc (D:1)
  A kobold (D:1)
  8 tentacles (D:1)
25 creatures vanquished.

Grand Total: 366 creatures vanquished

Notes
Turn   | Place    | Note
-------+----------+-------------------------------------------
     0 | D:1      | Borgoz the Gargoyle Gladiator began the quest for the Orb.
     0 | D:1      | Reached XP level 1. HP: 12/12 MP: 1/1
     2 | D:1      | Noticed a vampire
     2 | D:1      | Noticed a naga
     2 | D:1      | Noticed a centaur
     2 | D:1      | Noticed a centaur
     2 | D:1      | Noticed a naga
     2 | D:1      | Noticed a vine stalker
     2 | D:1      | Noticed a draconian
     2 | D:1      | Noticed a kraken
     2 | D:1      | Noticed a dwarf
     2 | D:1      | Noticed a dwarf
     2 | D:1      | Noticed an ogre
     2 | D:1      | Noticed a vampire
     2 | D:1      | Noticed a naga
     2 | D:1      | Noticed a formicid
     2 | D:1      | Killed a centaur
     3 | D:1      | Killed a centaur
     4 | D:1      | Killed a naga
     6 | D:1      | Killed a vine stalker
     8 | D:1      | Killed a vampire
     9 | D:1      | Killed a naga
    11 | D:1      | Killed an ogre
    12 | D:1      | Killed a naga
    12 | D:1      | Killed a vampire
    12 | D:1      | Killed a draconian
    15 | D:1      | Killed a dwarf
    19 | D:1      | Killed a formicid
    20 | D:1      | Killed a dwarf
   127 | D:1      | Reached XP level 2. HP: 15/17 MP: 2/2
   149 | D:1      | Reached skill level 1 in Armour
   546 | D:1      | Reached XP level 3. HP: 21/22 MP: 3/3
   619 | D:2      | Reached skill level 1 in Stealth
   630 | D:2      | Found a glowing silver altar of Zin.
  1013 | D:2      | Reached XP level 4. HP: 25/27 MP: 4/4
  1029 | D:2      | Reached skill level 2 in Armour
  1210 | D:2      | Found an ancient bone altar of Kikubaaqudgha.
  1212 | D:2      | Noticed a human
  1214 | D:2      | Killed a human
  1733 | D:3      | Reached XP level 5. HP: 24/32 MP: 5/5
  1921 | D:3      | Found an ornate altar of the Wu Jian Council.
  1927 | D:3      | Found a shadowy altar of Dithmenos.
  1927 | D:3      | Found a snail-covered altar of Cheibriados.
  1928 | D:3      | Found a bloodstained altar of Trog.
  1928 | D:3      | Found a blossoming altar of Fedhas.
  1929 | D:3      | Found an ancient bone altar of Kikubaaqudgha.
  1930 | D:3      | Found a sacrificial altar of Ru.
  1931 | D:3      | Found a shimmering altar of Xom.
  1932 | D:3      | Found a hide-covered altar of Uskayaw.
  2089 | D:4      | Found a sand-covered staircase.
  2096 | Ossuary  | Entered an ossuary
  2239 | Ossuary  | HP: 1/32 [mummy (11)]
  2250 | Ossuary  | Reached XP level 6. HP: 13/37 MP: 6/6
  2282 | Ossuary  | Reached skill level 3 in Armour
  2351 | D:4      | Got an ichor-stained buckler
  2357 | D:4      | Identified the +1 buckler of the Gardener {rC+ Dex+4} (You
                  | found it on level 4 of the Dungeon)
  2403 | D:4      | Found a glowing drain.
  2446 | Sewer    | Entered a sewer
  2711 | Sewer    | Found a white marble altar of Elyvilon.
  2854 | D:4      | Noticed Dowan
  2864 | D:4      | Noticed Duvessa
  2885 | D:4      | Killed Duvessa
  2885 | D:4      | Reached skill level 1 in Shields
  2885 | D:4      | Reached XP level 7. HP: 33/41 MP: 7/7
  2896 | D:4      | Killed Dowan
  3357 | D:4      | Found a basalt altar of Yredelemnul.
  3526 | D:5      | Entered Level 5 of the Dungeon
  3581 | D:5      | Reached skill level 4 in Armour
  3723 | D:5      | Found a shimmering altar of Xom.
  3725 | D:5      | Found a snail-covered altar of Cheibriados.
  3725 | D:5      | Found a sparkling altar of Nemelex Xobeh.
  3726 | D:5      | Noticed Menkaure
  3727 | D:5      | Found a snail-covered altar of Cheibriados.
  3727 | D:5      | Found an opulent altar of Gozag.
  3727 | D:5      | Found a shimmering altar of Xom.
  3730 | D:5      | Killed Menkaure
  3730 | D:5      | Reached XP level 8. HP: 48/48 MP: 8/8
  3763 | D:5      | Noticed Pikel
  3803 | D:5      | Killed Pikel
  3803 | D:5      | Reached skill level 5 in Short Blades
  3803 | D:5      | Reached skill level 5 in Armour
  4002 | D:5      | Noticed Prince Ribbit
  4036 | D:5      | Killed Prince Ribbit
  4122 | D:5      | Reached XP level 9. HP: 43/52 MP: 9/9
  4250 | D:5      | Reached skill level 5 in Dodging
  4628 | D:6      | Reached skill level 6 in Armour
  4734 | D:6      | Reached skill level 5 in Fighting
  4879 | D:6      | Got a crude robe
  4943 | D:6      | Got a scorched buckler
  4954 | D:6      | Identified the +4 robe of the Sunfish {rF+ MP+9 Int-4
                  | Dex+3} (You found it on level 6 of the Dungeon)
  4964 | D:6      | Identified the cursed +0 buckler of the Loofah {rElec rN++
                  | rCorr Str+3 Stlth-} (You found it on level 6 of the
                  | Dungeon)
  5055 | D:6      | Reached skill level 5 in Stealth
  5068 | D:6      | Got a shimmering chain mail
  5079 | D:6      | Identified the +6 chain mail of Nihilism {Int+6 Dex+4} (You
                  | found it on level 6 of the Dungeon)
  5245 | D:7      | Found a staircase to the Ecumenical Temple.
  5330 | Temple   | Entered the Ecumenical Temple
  5414 | Temple   | Became a worshipper of Ashenzari the Shackled
  5472 | D:7      | Reached skill level 7 in Armour
  5509 | D:7      | Noticed Blork the orc
  5579 | D:7      | Reached XP level 10. HP: 27/59 MP: 10/10
  5598 | D:7      | Killed Blork the orc
  5893 | D:7      | Noticed Harold
  5932 | D:7      | Killed Harold
  6674 | D:8      | Reached skill level 5 in Shields
  6720 | D:8      | Reached skill level 8 in Armour
  6761 | D:8      | Reached * piety under Ashenzari
  7064 | D:9      | Noticed a two-headed ogre
  7074 | D:9      | Killed a two-headed ogre
  7074 | D:9      | Reached XP level 11. HP: 47/65 MP: 11/11
  7596 | D:10     | Entered Level 10 of the Dungeon
  7622 | D:10     | Found a staircase to the Lair.
  7806 | D:10     | Noticed a two-headed ogre
  7819 | D:10     | Killed a two-headed ogre
  8050 | D:10     | Found a staircase to the Orcish Mines.
  8279 | D:10     | Reached skill level 9 in Armour
  8481 | D:11     | Reached ** piety under Ashenzari
  8481 | D:11     | Noticed a two-headed ogre
  8491 | D:11     | Killed a two-headed ogre
  8519 | D:11     | Found a portal to a secret trove of treasure.
  8603 | D:11     | Noticed a white ugly thing
  8649 | D:11     | Killed a white ugly thing
  8973 | D:11     | Noticed a seven-headed hydra
  8980 | D:11     | Killed a seven-headed hydra
  9722 | D:12     | Noticed a deep elf mage
  9736 | D:12     | Killed a deep elf mage
  9826 | D:12     | Found a frozen archway.
  9875 | IceCv    | Entered an ice cave
 10174 | IceCv    | Reached XP level 12. HP: 67/72 MP: 12/12
 10422 | IceCv    | Reached skill level 10 in Armour
 11406 | IceCv    | Found an ancient bone altar of Kikubaaqudgha.
 11502 | IceCv    | HP: 3/72 [freezing wraith (8)]
 11502 | IceCv    | Slain by a freezing wraith

Skill      XL: |  1  2  3  4  5  6  7  8  9 10 11 12 |
---------------+-------------------------------------+-----
Armour         | 1 2 3 4 5 7 8 9 10 | 10.1
Short Blades   | 3 4 5 6 7 8 9 |  9.1
Stealth        | 1 2 3 4 5 6 7 |  7.8
Dodging        | 3 4 5 6 7 8 |  8.2
Fighting       | 3 4 5 6 7 |  7.5
Shields        | 1 2 3 4 5 6 |  6.8
Throwing       | |  1.7
Evocations     | |  0.4

Action                   |  1- 3 |  4- 6 |  7- 9 | 10-12 || total
-------------------------+-------+-------+-------+-------++-------
Melee: Rapier            |    86 |       |       |       ||    86
       Dagger            |    50 |   294 |     8 |   518 ||   870
       Short sword       |       |       |   426 |   797 ||  1223
Throw: Throwing net      |       |     3 |     3 |    11 ||    17
Evoke: Wand              |       |     4 |     2 |    11 ||    17
  Use: Scroll            |       |    14 |     7 |     7 ||    28
       Potion            |       |     7 |     3 |    13 ||    23
 Stab: Sleeping          |       |     4 |     7 |       ||    11
       Distracted        |       |     1 |       |       ||     1
       Held in net/web   |       |       |     1 |     6 ||     7
  Eat: Chunk             |       |     7 |     8 |    25 ||    40
       Ration            |       |       |       |     2 ||     2
Armor: Leather armour    |    22 |       |       |       ||    22
       Ring mail         |    22 |   113 |   126 |     8 ||   269
       Chain mail        |       |       |    49 |   549 ||   598
       Robe              |       |       |    14 |       ||    14
Dodge: Dodged            |    64 |   176 |   243 |   495 ||   978
       Deflected         |       |       |       |    16 ||    16
Block: Buckler           |       |    28 |   108 |   443 ||   579
       Reflection        |       |       |       |    14 ||    14
